 Dungeon Crawl Stone Soup version 0.30-a0-341-g682706514a (webtiles) character file.

Game seed: 22819804571577879

140219 MrRokkomies the Tortoise (level 16, -3/159 HPs)
             Began as an Armataur Gladiator on Nov 4, 2022.
             Was an Initiate of Yredelemnul.
             Slain by a naga
             ... wielding a +0 halberd
              (22 damage)
             ... on level 3 of the Snake Pit.
             The game lasted 01:05:29 (34882 turns).

MrRokkomies the Tortoise (Armataur Gladiator)      Turns: 34882, Time: 01:05:29

Health: -3/159     AC: 21    Str: 30    XL:     16   Next: 75%
Magic:  26/26      EV: 12    Int: 10    God:    Yredelemnul [......]
Gold:   1274       SH:  0    Dex: 14    Spells: 15/15 levels left

rFire   + . .      SeeInvis +    a - +6 trident (freeze)
rCold   + . .      Faith    .    (no shield)
rNeg    . . .      Spirit   .    N - +0 swamp dragon scales
rPois   +          Reflect  .    v - +2 helmet {SInv}
rElec   .          Harm     .    J - scarf {rC+ rF+}
rCorr   .          Roll     +    (no gloves)
Will    +....                    (no barding)
Stlth   +.........               O - amulet of the acrobat
HPRegen 0.46/turn                f - +4 ring of protection
MPRegen 0.20/turn                o - +6 ring of strength

@: lethally poisoned (-3 -> -14), studying 2 skills
A: large, rugged brown scales 3, deformed body, armoured tail, roll, long
tongue, awkward tongue
a: Renounce Religion, Recall Undead Harvest


You were on level 3 of the Snake Pit.
You worshipped Yredelemnul.
Yredelemnul was pleased with you.
You visited 5 branches of the dungeon, and saw 26 of its levels.
You also visited: Gauntlet.

You collected 3190 gold pieces.
You spent 1916 gold pieces at shops.

Inventory:

Hand Weapons
 a - a +6 trident of freezing (weapon)
Missiles
 d - 3 throwing nets
 e - 9 javelins
 g - 4 datura-tipped darts
 l - 46 poisoned darts
 A - 17 boomerangs
 C - 6 curare-tipped darts
Armour
 v - a +2 helmet of see invisible (worn)
 J - a scarf of resistance (worn)
 M - a scarf of shadows
 N - +0 swamp dragon scales (worn)
Jewellery
 b - a ring of fire
 c - a ring of protection from fire
 f - a +4 ring of protection (left hand)
 m - a ring of fire
 o - a +6 ring of strength (right hand)
 r - an amulet of regeneration
 D - a ring of see invisible
 O - an amulet of the acrobat (around neck)
 S - a +6 ring of intelligence
 U - a ring of ice
 V - an amulet of magic regeneration
Wands
 s - a wand of acid (18)
 u - a wand of roots (5)
 y - a wand of flame (36) (quivered)
 z - a wand of paralysis (18)
 E - a wand of mindburst (15)
 X - a wand of polymorph (6)
Scrolls
 h - 2 scrolls of summoning
 i - a scroll of blinking
 n - 14 scrolls of teleportation
 q - a scroll of fear
 t - 4 scrolls of magic mapping
 w - 19 scrolls of identify
 x - 4 scrolls of poison
 H - 3 scrolls of enchant weapon
 L - a scroll of amnesia
 P - 3 scrolls of immolation
 Y - a scroll of enchant armour
 Z - 3 scrolls of butterflies
Potions
 j - 3 potions of brilliance
 k - 5 potions of might
 p - 3 potions of magic
 B - 3 potions of invisibility
 G - 4 potions of flight
 I - 3 potions of cancellation
 K - a potion of berserk rage
 Q - a potion of mutation
 T - a potion of heal wounds
 W - 4 potions of ambrosia
Miscellaneous
 F - a tin of tremorstones (2/2)
 R - a phantom mirror


   Skills:
 - Level 15.0 Fighting
 - Level 13.8(14.0) Polearms
 - Level 2.6(10.1) Staves
 - Level 1.7 Throwing
 + Level 20.6 Armour
 - Level 6.5 Dodging
 + Level 13.7 Invocations


You had 15 spell levels left.
You didn't know any spells.
Your spell library contained the following spells:

 Spells                   Type           Power      Damage    Failure   Level
 Kiss of Death            Conj/Necr      0%         2d5       43%         1
 Slow                     Hex            0%         N/A       43%         1
 Sting                    Tmut/Pois      0%         1d3       43%         1
 Ensorcelled Hibernation  Hex/Ice        0%         N/A       56%         2
 Passwall                 Tmut/Erth      0%         N/A       56%         2
 Poisonous Vapours        Pois/Air       0%         N/A       56%         2
 Static Discharge         Conj/Air       0%         2-2/arc   56%         2
 Call Canine Familiar     Summ           0%         N/A       80%         3
 Confusing Touch          Hex            0%         N/A       80%         3
 Dazzling Flash           Conj/Hex       0%         N/A       80%         3
 Inner Flame              Hex/Fire       0%         N/A       80%         3
 Portal Projectile        Hex/Tloc       0%         N/A       80%         3
 Stone Arrow              Conj/Erth      0%         3d7       80%         3
 Swiftness                Air            0%         N/A       80%         3
 Tukima's Dance           Hex            0%         N/A       80%         3
 Vampiric Draining        Necr           0%         2d6       80%         3
 Vhi's Electric Charge    Tloc/Air       0%         N/A       80%         3
 Cause Fear               Hex            0%         N/A       99%         4
 Dispel Undead            Necr           0%         3d6       99%         4
 Leda's Liquefaction      Hex/Erth       0%         N/A       99%         4
 Olgreb's Toxic Radiance  Pois           0%         N/A       99%         4
 Agony                    Necr           0%         N/A       100%        5
 Arcjolt                  Conj/Air       0%         1d10      100%        5
 Blade Hands              Tmut           0%         N/A       100%        5
 Lee's Rapid Deconstruct  Erth           0%         3d4*      100%        5
 Lightning Bolt           Conj/Air       0%         1d11      100%        5
 Silence                  Hex/Air        0%         N/A       100%        5
 Eringya's Noxious Bog    Tmut/Pois      0%         N/A       100%        6
 Iron Shot                Conj/Erth      0%         9d1       100%        6
 Statue Form              Tmut/Erth      0%         N/A       100%        6
 Discord                  Hex            0%         N/A       100%        8
 Maxwell's Capacitive Co  Air            0%         ∞         100%        8


Dungeon Overview and Level Annotations

Branches:
Dungeon (15/15)            Temple (1/1) D:7            Lair (5/5) D:11
 Shoals (0/4) Lair:2        Snake (3/4) Lair:3        Slime (0/5) Lair:4
    Orc (2/2) D:11            Elf (0/3) Orc:2        Vaults (0/5) D:13
 Depths (0/4) D:15        Gauntlet (visited)

Altars:
Ashenzari
Cheibriados
Dithmenos
Elyvilon
Fedhas
Gozag
Hepliaklqana
Kikubaaqudgha
Makhleb
Nemelex Xobeh
Okawaru
Qazlal
Ru
Sif Muna
Trog
Uskayaw
Vehumet
Wu Jian
Xom
Yredelemnul
Zin
The Shining One
Jiyva

Shops:
D:1 ?   D:8 :   D:12 **[?!   Orc:2 *(:[*

Portals:
Trove: D:14 (give +5 ice dragon scales)

Annotations:
Orc:1 3 runed translucent doors, Opavipac's ghost, journeyman OgBe


Innate Abilities, Weirdness & Mutations

You are completely covered in rugged brown scales. (AC +3, +7% HP)
Armour fits poorly on your strangely shaped body.
You have a long armoured tail.
You roll when moving toward enemies. (Rampage)
Your long tongue fully drains potion bottles. (2x potion effects)
Your tongue gives you trouble enunciating. (1.5x scroll delay)


Message History

You kill the salamander!
You feel very sick.
The naga mage mumbles some strange words.
The naga mage seems to speed up.
The naga barely misses you. The naga constricts you.
The naga warrior spits poison at you.
The splash of poison hits you but does no damage.
The naga hits you with a +0 hand axe!!
* * * LOW HITPOINT WARNING * * *
You escape the naga's grasp.
You feel very sick.
The guardian serpent casts a spell at you.
The naga blinks!
The naga warrior blinks!
The naga blinks!
The naga mage gestures at you while chanting.
The bolt of poison hits you. You resist.
* * * LOW HITPOINT WARNING * * *
The guardian serpent coils itself and waves its upper body at you.
The bolt of poison hits the naga!
The bolt of poison hits the naga.
The naga is poisoned.
The bolt of poison hits you!
You are more poisoned.
You resist.
* * * LOW HITPOINT WARNING * * *
The bolt of poison hits the naga.
The naga warrior barely misses you. The naga warrior grabs you.
The naga warrior constricts you.
* * * LOW HITPOINT WARNING * * *
The naga mage closely misses you.
You see here a +0 trident.
Unknown command.
Blink to where?
Press: ? - help, Dir - move target You escape the naga warrior's grasp.
As you slowly read the scroll of blinking, it crumbles to dust.
You feel yourself speed up.
* * * LOW HITPOINT WARNING * * *
You feel extremely sick.
The naga dies!
The dead are walking!
The naga hits you from afar with a +0 halberd!!
You die...
Your body rises from the dead as a mindless zombie.

#.§........#
#.........##
####S......##
##...N#####'######
##..Z.)#
#.......######
##....NN#
#..####.).....
##.....NN# #..#
#.######
#........####..#
#.#
+........@.....#
#.######
#.......#####..#
#....... #......##
#..# #.###### ###
#.....## ####..#
#.# .....#....##
#.....# #.#
.........##
#.##### #.#
......##'# #.# #.#
..... ##.#### #.#
#.# .... +.....#
#.# #.#


You could see 2 naga warriors, a guardian serpent, a naga mage (fast, strong), 2
nagas and a friendly naga zombie.

Vanquished Creatures
  Rupert (D:13)
  Jorgrun (Snake:1)
  Agnes (Snake:1)
  An orc warlord (Orc:2)
  A great orb of eyes (D:15)
  An entropy weaver (shapeshifter) (D:14)
  6 hydras
  A catoblepas (Lair:3)
  3 centaur warriors
  An ogre mage (D:15)
  3 two-headed ogres (D:15)
  4 anacondas
  5 naga warriors
  3 boulder beetles
  2 death yaks (Lair:5)
  4 orc high priests (Orc:2)
  3 shock serpents
  A salamander mystic (Snake:2)
  Lodul (D:13)
  A naga ritualist (Snake:2)
  4 orc knights
  3 deep elf pyromancers
  A necromancer (Lair:5)
  4 mana vipers
  20 ugly things
  4 orc sorcerers (Orc:2)
  9 salamanders
  2 manticores (D:13)
  13 elephants
  Joseph (D:10)
  2 guardian serpents
  An eye of devastation (shapeshifter) (D:15)
  21 black mambas
  A gargoyle (D:14)
  4 naga magi (Snake:2)
  A torpor snail (Gauntlet)
  3 rime drakes
  10 cane toads
  3 unseen horrors
  Psyche (D:8)
  An efreet (D:15)
  Maggie (D:8)
  8 komodo dragons
  2 kobold demonologists
  A freezing wraith (D:15)
  2 polar bears
  5 trolls
  3 hornets
  A merfolk (Lair:2)
  A queen bee (Lair:3)
  13 blink frogs
  A raiju (shapeshifter) (D:14)
  3 dream sheep (Lair:5)
  A spectral orc (D:13)
  7 slime creatures
  7 water elementals (D:15)
  12 yaks
  A shadow (D:13)
  A wraith (D:10)
  4 centaur simulacra (Gauntlet)
  2 vampires
  4 wyverns
  6 basilisks
  A basilisk (shapeshifter) (D:14)
  14 humans
  3 steam dragons
  14 vampire mosquitoes
  11 nagas
  A warg (Orc:2)
  An acid dragon (D:13)
  15 water moccasins
  A manticore zombie (D:13)
  3 ice beasts
  5 black bears
  17 orc warriors
  A meliai simulacrum (Gauntlet)
  A sky beast (D:7)
  21 wolves
  17 ogres
  8 centaurs
  3 spectral humans (D:13)
  3 phantoms
  5 kobold brigands
  12 bullfrogs
  A gnoll sergeant (D:10)
  2 necrophages
  5 scorpions
  21 wights
  A hornet simulacrum (Gauntlet)
  25 killer bees
  A human zombie (D:13)
  2 hounds (D:6)
  3 gnoll boudas
  17 orc priests
  5 jellies
  Crazy Yiuf (D:4)
  Natasha (thrice) (D:4)
  4 iguanas
  33 orc wizards
  4 hell rats
  2 polar bear simulacra (Lair:5)
  2 yak simulacra (Lair:5)
  14 gnolls
  3 adders
  A shadow imp (D:7)
  2 white imps
  An ufetubus (D:4)
  2 worms
  A dart slug (D:2)
  70 orcs
  A bat (D:3)
  An endoplasm (D:1)
  A giant cockroach (D:3)
  14 goblins
  15 hobgoblins
  4 jackals (D:5)
  16 kobolds
  A quokka (D:3)
  5 ball pythons
  A frilled lizard (D:1)
  A rat (D:3)
  A river rat simulacrum (Lair:5)
683 creatures vanquished.

Vanquished Creatures (collateral kills)
  A minotaur (Gauntlet)
  2 hydras
  2 catoblepae (Lair:5)
  2 anacondas
  A death knight (D:15)
  A centaur warrior (D:13)
  4 naga warriors
  A shock serpent (Snake:1)
  3 death yaks (Lair:5)
  2 lindwurms (Lair:5)
  2 naga ritualists (Snake:1)
  An orc knight (Orc:2)
  A mana viper (Snake:1)
  An orc sorcerer (Orc:2)
  A cyclops (D:9)
  6 ugly things
  An oklob plant (Lair:2)
  A manticore (D:13)
  12 elephants (Lair:5)
  A guardian serpent (Snake:1)
  A naga mage (Snake:2)
  7 black mambas
  A gargoyle (D:12)
  2 cane toads
  A kobold demonologist (D:12)
  3 polar bears (Lair:5)
  3 trolls
  A hornet (Gauntlet)
  8 blink frogs
  4 dream sheep (Lair:5)
  6 slime creatures
  A water elemental (D:15)
  2 wyverns
  4 wraiths
  9 yaks
  5 basilisks
  3 humans (D:13)
  4 vampire mosquitoes
  4 nagas
  2 wargs (Orc:1)
  4 water moccasins
  An acid dragon (D:11)
  16 orc warriors
  4 ogres (Orc:2)
  A black bear (Lair:5)
  7 wolves
  A centaur (D:10)
  2 bullfrogs
  2 wights (D:10)
  A hornet simulacrum (Gauntlet)
  13 killer bees
  4 orc priests
  10 orc wizards
  2 hell rats (Lair:5)
  A yak simulacrum (Lair:5)
  A wolf simulacrum (Lair:5)
  An ogre zombie (Orc:2)
  5 gnolls (D:10)
  29 orcs
  3 kobolds
  4 river rat simulacra (Lair:5)
  2 bushes
231 creatures vanquished.

Vanquished Creatures (others)
  A spectral deep troll (D:13)
  An anaconda zombie (Snake:1)
  3 ugly thing zombies (D:15)
  A spectral centaur (D:13)
  A dwarf zombie (Snake:1)
  2 unseen horror zombies (D:12)
  A mana viper zombie (Snake:1)
  3 hydra zombies
  A spectral troll (Lair:3)
  A spectral naga (Snake:2)
  A guardian serpent zombie (Snake:1)
  7 black mamba zombies
  A water elemental (D:15)
  A naga (Snake:3)
  A two-headed ogre zombie (D:15)
  A cane toad zombie (Lair:5)
  A spectral efreet (D:15)
  3 elephant zombies
  4 dream sheep zombies (Lair:5)
  4 blink frog zombies
  9 vampire mosquito zombies
  A rime drake zombie (Lair:4)
  4 salamander zombies
  7 water moccasin zombies
  A wyvern zombie (Lair:5)
  2 human zombies
  A raiju zombie (D:14)
  A warg zombie (Orc:2)
  A polar bear zombie (Lair:4)
  A queen bee zombie (Lair:3)
  A troll zombie (D:13)
  4 yak zombies
  9 wolf zombies
  A centaur zombie (D:8)
  2 bullfrog zombies
  A black bear zombie (D:7)
  3 basilisk zombies
  18 killer bee zombies
  10 naga zombies
  10 ogre zombies
  A sky beast zombie (D:7)
  2 hell rat zombies (Lair:5)
  A jelly zombie (D:8)
  A gnoll zombie (D:10)
  4 kobold zombies
  33 orc zombies
  100 fungi
  126 plants
394 creatures vanquished.

Grand Total: 1308 creatures vanquished

Notes
Turn   | Place    | Note
-------+----------+-------------------------------------------
     0 | D:1      | MrRokkomies the Armataur Gladiator began the quest for the
                  | Orb.
     0 | D:1      | Reached XP level 1. HP: 18/18 MP: 1/1
   291 | D:1      | Reached XP level 2. HP: 25/25 MP: 2/2
   346 | D:1      | Found Sicofaw's Magic Scroll Shoppe.
   354 | D:1      | Reached skill level 1 in Armour
   879 | D:2      | Reached XP level 3. HP: 13/32 MP: 3/3
   887 | D:2      | HP: 1/32 [gnoll/+0 spear (6)]
  1044 | D:2      | Reached skill level 2 in Armour
  1283 | D:2      | Identified the +1 ring mail of Gestures {rC+ rN+ MP+9
                  | Dex-5}
  1515 | D:3      | Reached XP level 4. HP: 40/40 MP: 4/4
  2211 | D:4      | Noticed a phantom
  2231 | D:4      | Killed a phantom
  2232 | D:4      | Reached XP level 5. HP: 42/49 MP: 5/5
  2424 | D:3      | Reached skill level 3 in Armour
  2556 | D:3      | Reached XP level 6. HP: 48/55 MP: 6/6
  2671 | D:4      | HP: 2/56 [poisoned by an orc wizard]
  2937 | D:4      | Noticed Natasha
  2944 | D:4      | Killed Natasha
  3231 | D:4      | Reached skill level 4 in Armour
  3243 | D:4      | Reached skill level 5 in Fighting
  3260 | D:4      | Identified the +6 rapier "Ejaical" {drain, Int+3}
  3277 | D:4      | Reached XP level 7. HP: 63/65 MP: 7/7
  3366 | D:4      | Noticed Natasha
  3373 | D:4      | Killed Natasha
  3490 | D:4      | Found a runed translucent door.
  3491 | D:4      | Noticed Crazy Yiuf
  3498 | D:4      | Killed Crazy Yiuf
  3707 | D:4      | Noticed Natasha
  3710 | D:4      | Killed Natasha
  3847 | D:5      | Entered Level 5 of the Dungeon
  4200 | D:5      | Reached skill level 5 in Armour
  4204 | D:5      | Reached XP level 8. HP: 58/74 MP: 8/8
  4683 | D:5      | Found a sparkling altar of Nemelex Xobeh.
  4881 | D:5      | Reached skill level 6 in Armour
  5395 | D:6      | Reached skill level 5 in Dodging
  5395 | D:6      | Reached XP level 9. HP: 86/86 MP: 9/9
  5461 | D:6      | Reached skill level 7 in Armour
  6166 | D:7      | Found a shadowy altar of Dithmenos.
  6167 | D:7      | Found a hazy altar of Hepliaklqana.
  6168 | D:7      | Found a broken altar of Ashenzari.
  6168 | D:7      | Found a basalt altar of Yredelemnul.
  6183 | D:7      | Found a staircase to the Ecumenical Temple.
  6236 | Temple   | Entered the Ecumenical Temple
  6311 | D:7      | Became a worshipper of Yredelemnul the Dark
  6464 | D:7      | Reached skill level 1 in Invocations
  7631 | D:8      | Found a shimmering blue altar of Sif Muna.
  7641 | D:8      | Reached skill level 8 in Armour
  7776 | D:8      | Reached * piety under Yredelemnul
  7934 | D:8      | Reached ** piety under Yredelemnul
  7935 | D:8      | Reached XP level 10. HP: 97/97 MP: 12/12
  8037 | D:8      | Noticed Psyche
  8057 | D:8      | Killed Psyche
  8390 | D:8      | Reached *** piety under Yredelemnul
  8394 | D:8      | Found a hide-covered altar of Uskayaw.
  8590 | D:8      | Found Puodeut's Book Shop.
  8690 | D:8      | Your ally Psyche died
  8733 | D:8      | Noticed Maggie
  8742 | D:8      | Killed Maggie
  9095 | D:9      | Reached skill level 5 in Invocations
  9126 | D:9      | Noticed a cyclops
  9133 | D:9      | Killed a cyclops
  9395 | D:9      | Reached skill level 10 in Fighting
  9508 | D:9      | Reached skill level 9 in Armour
 10015 | D:9      | Found a snail-covered altar of Cheibriados.
 10077 | D:9      | Found a sacrificial altar of Ru.
 10125 | D:10     | Entered Level 10 of the Dungeon
 10139 | D:10     | Noticed Joseph
 10152 | D:10     | Killed Joseph
 10301 | D:10     | Reached XP level 11. HP: 36/108 MP: 15/15
 10506 | D:10     | Found a glowing silver altar of Zin.
 11678 | D:10     | Found a shimmering blue altar of Sif Muna.
 11977 | D:1      | Bought a scroll of summoning for 114 gold pieces
 11977 | D:1      | Bought 2 scrolls of identify for 48 gold pieces
 11977 | D:1      | Bought a scroll of brand weapon for 114 gold pieces
 11977 | D:1      | Bought 3 scrolls of identify for 72 gold pieces
 11977 | D:1      | Bought a scroll of immolation for 48 gold pieces
 11977 | D:1      | Bought a scroll of blinking for 90 gold pieces
 12251 | D:10     | Reached skill level 1 in Polearms
 12455 | D:11     | Noticed a boulder beetle
 12492 | D:10     | Killed a boulder beetle
 13320 | D:11     | Identified the +1 plate armour "Jozoa" {+Blink Will+ Str-4}
 13327 | D:11     | Reached skill level 10 in Armour
 13603 | D:11     | Reached **** piety under Yredelemnul
 13774 | D:11     | Found a staircase to the Lair.
 13898 | D:11     | Found a staircase to the Orcish Mines.
 14185 | Lair:1   | Entered Level 1 of the Lair of Beasts
 14517 | Lair:1   | Reached XP level 12. HP: 117/117 MP: 14/17
 14574 | Lair:1   | Identified a scroll of acquirement
 14574 | Lair:1   | Acquired a manual of Armour
 14684 | Lair:1   | Reached ***** piety under Yredelemnul
 15099 | Lair:1   | Reached skill level 11 in Armour
 15106 | Lair:1   | Reached skill level 5 in Polearms
 15675 | Lair:2   | Identified the +6 war axe of the Reasonable God {venom,
                  | Dex+3}
 15704 | Lair:2   | Found a shimmering blue altar of Sif Muna.
 15804 | Lair:2   | Found a shimmering blue altar of Sif Muna.
 16018 | Lair:2   | Found a staircase to the Shoals.
 16471 | Lair:3   | Found a staircase to the Snake Pit.
 16485 | Lair:3   | Reached skill level 12 in Armour
 17018 | Lair:3   | Reached ****** piety under Yredelemnul
 17327 | Lair:3   | Reached XP level 13. HP: 127/127 MP: 19/19
 17417 | Lair:3   | Noticed Snorg
 17427 | Lair:3   | Killed Snorg
 17427 | Lair:3   | Enslaved Snorg
 17749 | Lair:3   | Your ally Snorg died
 17796 | Lair:3   | Reached skill level 13 in Armour
 18904 | Lair:4   | Found a staircase to the Slime Pits.
 18904 | Lair:4   | Found a viscous altar of Jiyva.
 19812 | Lair:5   | Entered Level 5 of the Lair of Beasts
 19915 | Lair:5   | Acquired 624 gold pieces
 19962 | Lair:5   | Reached skill level 14 in Armour
 20172 | Lair:5   | Reached skill level 10 in Invocations
 20427 | Lair:5   | Got the Octavo of the Rank Mountains
 20459 | Lair:5   | Reached XP level 14. HP: 100/141 MP: 21/21
 21069 | Lair:5   | Reached skill level 15 in Armour
 22259 | D:8      | Bought a manual of Armour for 1120 gold pieces
 22378 | Orc:1    | Entered Level 1 of the Orcish Mines
 22481 | Orc:2    | Entered Level 2 of the Orcish Mines
 22584 | Orc:2    | Found Voquphia's General Store.
 22596 | Orc:2    | Bought 2 potions of heal wounds for 130 gold pieces
 22676 | Orc:2    | Paralysed by an orc sorcerer for 4 turns
 23298 | Orc:2    | Paralysed by an orc sorcerer for 4 turns
 23308 | Orc:2    | Reached skill level 10 in Polearms
 23470 | Orc:2    | Noticed an orc warlord
 23482 | Orc:2    | Killed an orc warlord
 23483 | Orc:2    | Reached skill level 16 in Armour
 23578 | Orc:2    | Found a staircase to the Elven Halls.
 23709 | Orc:2    | Reached skill level 15 in Fighting
 24005 | Orc:2    | Found Niab's Antique Armour Shoppe.
 24006 | Orc:2    | Found Qiethr Anev's Antique Weapon Emporium.
 24008 | Orc:2    | Found Zaij Tid's General Store.
 24008 | Orc:2    | Found Quiloust's Book Shoppe.
 24402 | Orc:1    | Found a runed translucent gate.
 24416 | Orc:1    | Found a runed translucent gate.
 24417 | Orc:1    | Found a runed translucent gate.
 24584 | Orc:1    | Noticed Opavipac's ghost (journeyman OgBe)
 24969 | D:12     | Found Jeuwnua's Distillery.
 24974 | D:12     | Bought a potion of heal wounds for 55 gold pieces
 25202 | D:12     | Found Qiteubal's Magic Scroll Boutique.
 25269 | D:12     | Found Vyppun's Assorted Antiques.
 25272 | D:12     | Bought a potion of heal wounds for 125 gold pieces
 25291 | D:12     | Found Huwolyrgh's Armour Shop.
 25693 | D:12     | Found Xiju's General Store.
 25949 | D:13     | Reached XP level 15. HP: 139/150 MP: 23/23
 25969 | D:13     | Found a gate leading to a gauntlet.
 26097 | Gauntlet | Entered a Gauntlet
 26097 | Gauntlet | Found a transporter.
 26254 | Gauntlet | Found a transporter.
 26255 | Gauntlet | Found a transporter.
 26263 | Gauntlet | Found a transporter.
 26266 | Gauntlet | Found a transporter.
 26267 | Gauntlet | Found a transporter.
 26279 | Gauntlet | Found a transporter.
 26280 | Gauntlet | Found a transporter.
 26280 | Gauntlet | Found a transporter.
 26292 | Gauntlet | Found a transporter.
 26293 | Gauntlet | Found a transporter.
 26293 | Gauntlet | Found a transporter.
 26302 | Gauntlet | Found a transporter.
 26326 | Gauntlet | Found a runed translucent door.
 26361 | Gauntlet | Found a transporter.
 26971 | D:13     | Noticed Lodul
 26984 | D:13     | Reached skill level 17 in Armour
 27004 | D:13     | Killed Lodul
 27134 | D:13     | Your ally Lodul died
 27136 | D:13     | Noticed Rupert
 27159 | D:13     | Paralysed by Rupert for 4 turns
 27168 | D:13     | HP: 3/150 [Rupert/+6 great sword of holy wrath (45)]
 27171 | D:13     | Killed Rupert
 27521 | D:13     | Found a gate to the Vaults.
 28252 | D:14     | Found a stormy altar of Qazlal.
 28406 | D:14     | Found a portal to a secret trove of treasure.
 29171 | D:14     | Reached skill level 18 in Armour
 29642 | D:15     | Entered Level 15 of the Dungeon
 30975 | D:15     | Found a staircase to the Depths.
 31012 | D:15     | Reached XP level 16. HP: 140/156 MP: 23/25
 31182 | D:15     | Reached skill level 19 in Armour
 31453 | Snake:1  | Entered Level 1 of the Snake Pit
 31599 | Snake:1  | Noticed Jorgrun
 31755 | Snake:1  | Killed Jorgrun
 31974 | Snake:1  | Your ally Jorgrun died
 32331 | Snake:1  | Noticed Agnes
 32344 | Snake:1  | Killed Agnes
 33159 | Snake:2  | Reached skill level 20 in Armour
 33605 | Snake:2  | Found a shimmering altar of Xom.
 34882 | Snake:3  | Slain by a naga

Illustrated notes

Levels and vault maps discovered:
D:1:      lightli_arrival_isolated_outpost, layout_basic, serial_shops, shop
D:2:      layout_rooms
D:3:      layout_loops_cross
D:4:      layout_basic, uniq_natasha, uniq_crazy_yiuf_cottage
D:5:      corexii_shack_village, layout_basic, nemelex_diamond_rough_becter,
          dk_noncrumbling_4, minmay_misc_feat_secret_circle, minmay_manual_moon
D:6:      layout_basic, grunt_decor_arrowhead
D:7:      layout_gridville, chequers_temple_overflow_statue_of_worship,
          minmay_temple_entry_mini_moons
D:8:      layout_basic, serial_rivers, chequers_serial_rivers_room_b,
          chequers_serial_rivers_micro_a, chequers_serial_rivers_small_a,
          chequers_serial_rivers_large_a, chequers_serial_rivers_small_b,
          hangedman_feature_mirror, minmay_tree_intersection,
          kennysheep_windowed_goal, uniq_maggie, uniq_psyche
D:9:      layout_cave_pods, mainiacjoe_overflow_big_doors
D:10:     layout_stronghold, old_standard_altar, tgw_sif, uniq_joseph
D:11:     layout_big_octagon, due_lair_maze_entry_diamond, erik_orc_4
D:12:     layout_roguey, serial_shops, nicolae_shop_behind_doors,
          nicolae_diamond_shop, shop, kennysheep_mini, nicolae_shop_statue_plus
D:13:     layout_basic, david_vaults_3, gauntlet_entry_generic, uniq_lodul
D:14:     layout_layer_cave, trove_entry_hex_spiral,
          nicolae_qazlal_style_of_elements, minmay_misc_feat_iff
D:15:     gammafunk_enter_depths_forms, layout_basic, moated_statue
Temple:   nicolae_temple_ecumenical_triangle
Lair:1:   layout_regular_city
Lair:2:   layout_roguey, elwin_shoals_entry_rooms, basic_altar,
          lemuel_oklob_altar, lemuel_fruit_tree
Lair:3:   regret_index_wax_grids, layout_regular_city,
          minmay_snake_entry_six_corridors, beast_lair_carwin_8,
          infiniplex_staircase_pool, uniq_snorg
Lair:4:   layout_cave_pods, minmay_slime_entry_pillars
Lair:5:   grunt_lair_end_beastmaster, layout_regular_city,
          nicolae_lair_lil_pond, eino_house_with_fridge, grunt_megastairs_2
Snake:1:  layout_rooms, drop_trap, grunt_megastairs_5, uniq_jorgrun, uniq_agnes
Snake:2:  layout_basic, basic_altar, nicolae_integral_box
Snake:3:  layout_gridlike, uniq_aizul, uniq_mlioglotl
Orc:1:    layout_caves, ebering_ghost_rock_garden
Orc:2:    st_orc_congregation, layout_diamond_mine, serial_shops,
          nicolae_diamond_shop

Skill      XL: |  1  2  3  4  5  6  7  8  9 10 11 12 13 14 15 16 |
---------------+-------------------------------------------------+-----
Fighting       | 2 3 4 5 6 7 9 10 11 12 14 15 | 15.0
Armour         | 1 2 3 4 5 6 8 9 10 12 14 16 18 20 | 20.6
Dodging        | 3 4 5 6 |  6.5
Invocations    | 3 6 7 9 10 11 12 13 | 13.7
Polearms       | 4 6 8 10 12 13 | 13.8
Staves         | |  2.6
Throwing       | |  1.7

Action                   |  1- 3 |  4- 6 |  7- 9 | 10-12 | 13-15 | 16-18 || total
-------------------------+-------+-------+-------+-------+-------+-------++-------
Melee: Quarterstaff      |    67 |    13 |       |    77 |       |       ||   157
       Tailslap          |     7 |    20 |    53 |    89 |   204 |    42 ||   415
       Short sword       |     3 |   133 |       |       |       |       ||   136
       Dagger            |       |    43 |       |       |       |       ||    43
       Rapier            |       |     3 |   385 |   147 |       |       ||   535
       Punch             |       |     1 |     3 |     7 |    23 |     2 ||    36
       Trident           |       |       |       |   414 |  1277 |   359 ||  2050
Throw: Throwing net      |     2 |       |       |       |     1 |       ||     3
       Dart              |       |     2 |       |     5 |       |       ||     7
Invok: Recall Undead Har |       |       |       |     1 |     7 |     2 ||    10
       Bind Soul         |       |       |       |       |     2 |     1 ||     3
       Dark Bargain      |       |       |       |       |     3 |       ||     3
       Drain Life        |       |       |       |       |     1 |       ||     1
Evoke: Wand              |       |       |       |     7 |    16 |     4 ||    27
  Use: Scroll            |     7 |     3 |     5 |    11 |    10 |     3 ||    39
       Potion            |       |     5 |     2 |     7 |    11 |     2 ||    27
 Stab: Distracted        |       |       |       |     7 |    18 |     3 ||    28
       Held in net/web   |       |       |       |       |     1 |       ||     1
Armor: Leather armour    |    23 |       |       |       |       |       ||    23
       Ring mail         |     1 |   130 |   300 |    62 |       |       ||   493
       Swamp dragon scal |       |       |       |   374 |   543 |   118 ||  1035
       Skin              |       |       |       |    69 |       |       ||    69
Dodge: Dodged            |    27 |    92 |   255 |   472 |   574 |   139 ||  1559

Table legend: (Time is in decaauts)
 A = Elapsed time spent in this place.
 B = Non-inter-level travel time spent in this place.
 C = Inter-level travel time spent in this place.
 D = Time resting spent in this place.
 E = Time spent auto-exploring this place.
 F = Levels seen in this place.
 G = Mean time per level.
                   A        B        C        D        E       F      G
               +--------+--------+--------+--------+--------+-----+--------+
         Total |  34695 |  33073 |   1622 |   7537 |  19995 |  27 | 1285.0 |
       Dungeon |  20001 |  18887 |   1114 |   4162 |  11546 |  15 | 1333.4 |
        Temple |     49 |     49 |      0 |      0 |     37 |   1 |   49.0 |
          Lair |   8019 |   7751 |    268 |   1695 |   4815 |   5 | 1603.8 |
     Snake Pit |   3298 |   3181 |    117 |    506 |   2195 |   3 | 1099.3 |
  Orcish Mines |   2519 |   2397 |    122 |    650 |   1283 |   2 | 1259.5 |
      Gauntlet |    806 |    806 |      0 |    524 |    119 |   1 |  806.0 |
               +--------+--------+--------+--------+--------+-----+--------+

Top non-repeatable levels by time:
    D:10: 2831 daAuts
  Lair:5: 2242 daAuts
  Lair:3: 2053 daAuts
   Orc:2: 1841 daAuts
 Snake:2: 1747 daAuts
    D:15: 1642 daAuts
     D:8: 1619 daAuts
     D:7: 1613 daAuts
    D:14: 1445 daAuts
     D:4: 1418 daAuts
    D:12: 1398 daAuts
  Lair:4: 1359 daAuts
  Lair:1: 1208 daAuts
     D:6: 1184 daAuts
  Lair:2: 1155 daAuts
